Map: Cyber Forest LE

Players

Outsider

  • Race: Zerg Zerg
  • League: Diamond
  • Spawn Location: 11:00

Woah - Winner!

  • Race: Terran Terran
  • Spawn Location: 5:00

VOD

Have the link to the VOD?

Description

Time

  • Played on: June 14, 2019, 3:43 p.m.
  • Length: 14:37
Show
View Real Time Build Order
Export as new Build Order

Outsider Zerg 

Build Orders: Hatch First 

Get SALT Encoding   

  12  0:01  Drone  
  13  0:13  Overlord  
  13  0:18  Drone  
  14  0:31  Drone  
  14  0:32  Drone  
  16  0:38  Drone  
  17  0:55  Hatchery  
  16  0:57  Drone  
  16  1:01  Drone  
  18  1:07  Extractor  
  17  1:18  Spawning Pool  
  16  1:21  Drone  
  16  1:24  Drone  
  18  1:32  Drone  
  19  2:25  Zergling x10  
  15  2:45  Zergling x6  
  18  2:52  Drone  
  19  3:04  Metabolic Boost  
  19  3:12  Zergling x2  
  19  3:37  Zergling x4  
  19  3:38  Zergling x4  
  19  3:39  Zergling x2  
  24  3:43  Drone  
  25  4:00  Zergling x6  
  28  4:27  Overlord  
  28  4:28  Overlord  
  28  4:29  Baneling Nest  
  18  5:04  Drone x4  
  18  5:05  Drone x2  
  24  5:13  Queen  
  26  5:25  Roach Warren  
  26  5:26  Drone  
  26  5:27  Drone  
  27  5:38  Drone x2  
  29  5:46  Drone x2  
  31  5:52  Lair  
  31  5:53  Drone  
  31  5:55  Drone  
  33  6:01  Drone x2  
  35  6:19  Queen  
  35  6:21  Drone x2  
  39  6:26  Roach  
  39  6:29  Drone x3  
  39  6:31  Overlord x2  
  44  6:37  Spore Crawler  
  43  6:42  Spore Crawler  
  43  6:43  Drone  
  43  6:50  Roach  
  43  6:52  Roach  
  47  6:58  Roach  
  49  7:06  Baneling  
  49  7:10  Drone  
  49  7:11  Drone  
  49  7:15  Overlord  
  51  7:24  Drone  
  51  7:29  Roach x2  
  56  7:34  Drone  
  56  7:35  Drone x2  
  59  7:37  Drone  
  59  7:38  Drone x2  
  59  7:41  Extractor  
  59  7:43  Roach  
  63  7:47  Extractor  
  62  8:03  Drone x3  
  65  8:07  Hatchery  
  65  8:11  Drone  
  65  8:12  Hatchery  
  64  8:17  Glial Reconstitution  
  64  8:18  Evolution Chamber, Roach  
  65  8:22  Drone x2  
  65  8:23  Extractor, Drone x2  
  68  8:34  Overlord  
  68  8:35  Overlord  
  68  8:48  Baneling x2  
  68  8:49  Baneling x4  
  68  8:52  Centrifical Hooks, Queen x2  
  72  8:59  Drone  
  72  9:01  Drone  
  74  9:04  Drone  
  74  9:06  Zerg Missile Weapons Level 1  
  75  9:20  Hydralisk Den  
  75  9:21  Drone  
  75  9:25  Roach x4  
  75  9:26  Roach  
  75  9:27  Drone x5  
  75  9:29  Queen  
  92  9:41  Zergling x8  
  92  9:43  Baneling x3  
  92  9:44  Overlord, Baneling x4  
  92  9:45  Overlord  
  96  10:04  Drone x3  
  100  10:14  Zergling x8  
  100  10:15  Zergling x14  
  110  10:29  Roach  
  110  10:30  Overlord x5  
  112  10:36  Baneling x6  
  112  10:37  Baneling x7  
  112  10:38  Baneling  
  94  10:58  Zergling x2  
  94  10:59  Zergling x30  
  78  11:19  Roach  
  78  11:20  Roach x3  
  78  11:24  Roach x4  
  94  11:34  Hydralisk x4  
  101  11:45  Hydralisk x3  
  101  11:46  Hydralisk  
  107  12:02  Hydralisk x5, Muscular Augments  
  107  12:03  Hydralisk x2  
  107  12:04  Zergling x2  
  107  12:05  Zergling x8  
  107  12:08  Drone x2  
  128  12:09  Drone  
  129  12:37  Hydralisk x6  
  129  12:47  Extractor  
  129  12:48  Extractor  
  80  13:09  Roach x3  
  80  13:10  Roach x10  
  99  13:13  Grooved Spines, Queen  
  101  13:22  Drone  
  102  13:33  Zergling x8  
  102  13:34  Zergling x10  
  93  13:51  Zergling x2  
  93  13:52  Zergling x10  
  74  14:06  Hydralisk x4  
  74  14:07  Hydralisk x6  
  74  14:08  Hydralisk  
  89  14:12  Baneling x5  
  89  14:13  Baneling x3  
  81  14:17  Zergling x2  
Show
View Real Time Build Order
Export as new Build Order

Woah Terran - Winner!

Build Orders:  

Get SALT Encoding   

  12  0:01  SCV  
  13  0:13  SCV  
  14  0:18  Supply Depot  
  14  0:28  SCV  
  15  0:40  Barracks  
  15  0:53  Barracks  
  15  0:55  SCV  
  16  1:07  SCV  
  16  1:09  Refinery  
  17  1:20  SCV  
  18  1:27  Marine  
  18  1:29  Barracks  
  18  1:32  SCV  
  20  1:39  Supply Depot  
  20  1:54  Bunker  
  20  1:55  Marine x2  
  22  2:13  Marine  
  22  2:17  Marine  
  22  2:31  Marine  
  22  2:35  Marine  
  20  2:53  Marine  
  19  3:15  Factory  
  19  3:19  Command Center  
  18  3:27  Orbital Command  
  18  3:30  Bunker  
  18  3:43  Command Center  
  15  4:28  SCV  
  15  4:30  Widow Mine  
  18  4:32  Marine  
  19  4:40  SCV  
  19  4:44  Marine  
  22  4:52  SCV  
  22  4:59  Marine  
  23  5:14  Supply Depot  
  23  5:20  Factory Tech Lab  
  23  5:29  SCV x2  
  23  5:31  Barracks Reactor  
  25  5:39  SCV  
  26  5:44  Barracks Tech Lab  
  26  5:50  SCV  
  26  5:51  SCV  
  26  5:52  Barracks Reactor  
  26  5:53  Refinery  
  28  6:01  Siege Tank  
  28  6:03  SCV  
  32  6:04  SCV  
  32  6:10  Marine  
  32  6:11  Marine  
  35  6:15  Orbital Command  
  35  6:21  Orbital Command  
  35  6:42  SCV  
  35  6:45  SCV  
  37  6:49  Orbital Command  
  37  6:56  Engineering Bay  
  37  6:57  Engineering Bay  
  37  6:58  Supply Depot, Marine x4  
  37  6:59  Supply Depot  
  41  7:06  Stimpack  
  41  7:12  Siege Tank  
  41  7:14  Marauder  
  46  7:16  Marine  
  46  7:18  Marine  
  46  7:21  Marine  
  49  7:24  SCV  
  49  7:27  SCV  
  51  7:31  SCV  
  52  7:41  Marine x2  
  52  7:42  Marine x3  
  57  7:48  Terran Infantry Weapons Level 1  
  57  7:52  Orbital Command  
  57  7:57  SCV x2  
  59  7:59  Marine x2  
  59  8:00  Armory, Marine x2  
  59  8:03  Starport  
  59  8:05  Marine  
  64  8:09  Refinery  
  64  8:10  SCV  
  64  8:11  SCV  
  66  8:17  Marine x2  
  66  8:18  Marine x2  
  66  8:19  SCV, Refinery  
  71  8:22  SCV  
  71  8:23  SCV  
  71  8:26  Terran Infantry Armor Level 1  
  73  8:31  SCV  
  74  8:35  SCV  
  74  8:39  Supply Depot  
  74  8:40  SCV  
  76  8:43  SCV, Barracks x2  
  77  8:53  Starport Reactor  
  77  9:00  Marine x2  
  77  9:01  SCV x3, Siege Tank  
  85  9:03  Supply Depot, Marine x3  
  85  9:05  Supply Depot  
  85  9:09  Combat Shield  
  88  9:13  SCV x2  
  88  9:14  SCV  
  88  9:16  Supply Depot  
  91  9:22  Armory  
  91  9:23  Marine x3  
  91  9:24  Marauder  
  96  9:25  SCV x2  
  98  9:32  SCV  
  98  9:34  Barracks Reactor, Barracks Tech Lab  
  98  9:37  SCV  
  100  9:41  Medivac  
  100  9:43  SCV  
  100  9:45  SCV  
  104  9:49  SCV, Supply Depot  
  104  9:51  Supply Depot  
  105  9:54  Supply Depot  
  105  9:56  SCV, Siege Tank  
  109  10:03  Barracks  
  109  10:04  SCV  
  109  10:06  Medivac  
  112  10:12  SCV x2  
  114  10:14  Refinery  
  114  10:16  SCV  
  114  10:19  Refinery  
  115  10:22  Medivac  
  117  10:34  SCV  
  118  10:38  Command Center  
  118  10:40  Sensor Tower  
  83  11:22  Marauder x2, Marine x7  
  83  11:25  Terran Infantry Weapons Level 2, Terran Infantry Armor Level 2  
  94  11:29  Medivac x2  
  94  11:30  Factory  
  98  11:39  Marine  
  98  11:40  Marine x3  
  96  11:47  Marauder, Marine x4  
  96  11:51  Orbital Command  
  102  11:57  Marine x2  
  102  11:58  Marine  
  103  12:03  Siege Tank  
  103  12:06  Marauder  
  103  12:08  SCV x2  
  109  12:09  Marauder, SCV  
  109  12:11  Medivac  
  109  12:12  Medivac, Terran Vehicle Weapons Level 1  
  109  12:14  Barracks Reactor  
  116  12:17  Barracks  
  116  12:18  Factory Tech Lab  
  116  12:20  SCV x2  
  116  12:21  SCV  
  119  12:32  SCV  
  119  12:34  Orbital Command  
  119  12:35  Siege Tank  
  111  13:05  Marine x3  
  106  13:06  Marauder, Marine x6  
  106  13:08  SCV x2  
  106  13:09  SCV  
  106  13:10  SCV  
  121  13:13  Siege Tank  
  121  13:14  Sensor Tower, Widow Mine  
  126  13:20  SCV  
  126  13:21  SCV x2  
  126  13:23  Marine x3  
  126  13:24  Fusion Core  
  126  13:25  Marauder, Ghost Academy  
  134  13:27  Marauder, Starport  
  134  13:28  Marine x3  
  134  13:29  Starport, Marine x2  
  134  13:31  SCV  
  142  13:41  Marine x3  
  142  13:46  Marauder, Marine x5  
  142  13:48  Marine  
  149  13:59  Marine x3  
  146  14:04  Marine x5  
  146  14:06  Marauder  
  146  14:07  Marauder  
  154  14:16  Marine  
  154  14:17  Marine x2  
Tags
 
League
Diamond
Matchup
TvZ
Replay Pack
r1
Spawn Locations
Cross Positions
Add a new tag
Caveats
  • Supply blocks, unpowered buildings, or Contaminate may cause inaccurate times.
  • Supply counts are checked every 10 seconds.